 Dungeon Crawl Stone Soup version 0.29.1-15-g9cfb28693d (webtiles) character file.

Game seed: 3115860935950548856

478 Sanktem7 the Trooper (level 6, 0/58 HPs)
             Began as a Minotaur Fighter on Mar 8, 2023.
             Slain by Pikel
             ... wielding a +2 whip of flaming
              (3 damage)
             ... on level 5 of the Dungeon.
             The game lasted 00:04:46 (4188 turns).

Sanktem7 the Trooper (Minotaur Fighter)             Turns: 4188, Time: 00:04:47

Health: 0/58       AC:  8    Str: 22    XL:     6   Next: 85%
Magic:  5/5        EV:  9    Int:  5    God:
Gold:   341        SH:  4    Dex: 10    Spells: 5/5 levels left

rFire   . . .      SeeInvis .   a - +0 war axe {axe}
rCold   . . .      Faith    .   c - +0 buckler
rNeg    . . .      Spirit   .   b - +0 scale mail
rPois   .          Reflect  .   (helmet restricted)
rElec   .          Harm     .   r - +0 cloak
rCorr   .          Rampage  .   (no gloves)
Will    .....                   (no boots)
Stlth   ..........              (no amulet)
HPRegen 0.19/turn               (no ring)
MPRegen 0.09/turn               (no ring)

@: no status effects
A: horns 2, retaliatory headbutt
a: no special abilities


You were on level 5 of the Dungeon.
You visited 1 branch of the dungeon, and saw 5 of its levels.

You collected 341 gold pieces.


Innate Abilities, Weirdness & Mutations

You have a pair of horns on your head.
You reflexively headbutt those who attack you in melee.


   Skills:
 * Level 6.6 Fighting
 * Level 5.9 Axes
 + Level 5.2 Armour
 - Level 3.6 Shields


You had 5 spell levels left.
You didn't know any spells.
Your spell library contained the following spells:

 Spells                   Type           Power      Damage    Failure   Level
 Ensorcelled Hibernation  Hex/Ice        0%         N/A       95%         2
 Passwall                 Tmut/Erth      0%         N/A       95%         2
 Swiftness                Air            0%         N/A       99%         3

Inventory:

Hand Weapons
 a - a +0 war axe (weapon) {axe}
Missiles
 e - 3 poisoned darts (quivered) {throwing}
 g - 32 stones {throwing}
 w - 3 throwing nets {=f!fthrowing}
Armour
 b - a +0 scale mail (worn)
 c - a +0 buckler (worn)
 r - a +0 cloak (worn)
   (You found it on level 3 of the Dungeon)
Jewellery
 x - a ring of positive energy
   (You found it on level 4 of the Dungeon)
Wands
 q - a wand of flame (17)
   (You found it on level 3 of the Dungeon)
Scrolls
 f - 2 scrolls of poison {unknown}
 h - 2 scrolls of brand weapon {unknown}
 j - a scroll of noise {unknown}
 l - 6 scrolls of identify {unknown}
 n - a scroll of blinking {unknown}
 p - 2 scrolls of enchant armour {unknown}
 u - a scroll of immolation {unknown}
Potions
 d - 4 potions of might
 i - a potion of mutation {unknown}
 k - 2 potions of heal wounds {unknown}
 m - 7 potions of curing {unknown}
 s - a potion of lignification {unknown}
 t - a potion of berserk rage {unknown}
 v - a potion of flight {unknown}

Dungeon Overview and Level Annotations

Branches:
Dungeon (5/15) Zot: 25667
 Temple: D:4-7

Altars:
Ashenzari

Shops:
D:2 ?

Annotations:
D:5 3 runed translucent doors, Pikel; leafyfresh's ghost, weakling OpDe

..#.# #.# # #...###.#
#.##.#..##.#
#........#.#
####)).....# #.#.#.#.#
#.#.#...#
#.#.###>#######.#
#.####.#......@K5555.#
#......############h.#
#########........
.................
.................
###..............
#W#..............
.Z#...)).........
.Z+.)............


You could see Pikel, 4 lemures and a hound.


Message History

The orc closely misses you. You furiously retaliate!
You headbutt the orc. You block the orc's attack.
You barely miss the orc. Your headbutt misses the orc. You barely miss the orc.
The orc closely misses you. You furiously retaliate!
You headbutt the orc!
You kill the orc!
You barely miss the orc. Your headbutt misses the orc.
The orc barely misses you.
You hit the orc.
You kill the orc!
You slash the orc!
You kill the orc!
No target in view!
No target in view!
No target in view!
No target in view!
Items here: )) [ ††.
Found a stone staircase leading down.
A lemure comes into view.
The lemure shouts!
You hear a shout!
You hear a bark!
Pikel, Merchant of Souls comes into view.
He is wielding a +2 whip of flaming.
There is a stone staircase leading down here.
A lemure comes into view.
Pikel shouts!
A lemure comes into view.
The lemure shouts!
A hound comes into view.
The lemure hits you.
A lemure comes into view. 😕 HP[-3]
You take 3 damage, and now have 55/58 hp.
You miss the lemure.
The lemure shouts!
The hound barks!
You block the lemure's attack.
You slash the lemure! Your headbutt misses the lemure.
The lemure hits you but does no damage.
You barely miss the lemure.
Your headbutt misses the lemure. 😕 HP[+1]
You barely miss Pikel. You miss Pikel.
Pikel hits you with a +2 whip of flaming!
Pikel burns you. Pikel completely misses you. You furiously retaliate!
You headbutt Pikel! 😕 HP[-9]
You take 9 damage, and now have 47/58 hp.
You hit Pikel but do no damage.
Pikel hits you with a +2 whip of flaming!
Pikel burns you. 😮 HP[-8]
You take 8 damage, and now have 39/58 hp.
You completely miss Pikel. You block Pikel's attack.
You barely miss Pikel.
Pikel hits you with a +2 whip of flaming.
Pikel burns you.
Pikel hits you but does no damage. 😮 HP[-5]
You take 5 damage, and now have 34/58 hp.
You barely miss Pikel. You headbutt Pikel. Pikel hits you but does no damage.
You closely miss Pikel. You headbutt Pikel, but do no damage.
A hound comes into view.
Pikel misses you. You furiously retaliate!
You headbutt Pikel, but do no damage. You barely miss Pikel.
The hound barks!
Pikel hits you with a +2 whip of flaming.
Pikel burns you. 😮 HP[-4]
You take 4 damage, and now have 30/58 hp.
You hit Pikel but do no damage. You block Pikel's attack. 😮 HP[+1]
You hit Pikel but do no damage. Your headbutt misses Pikel.
Pikel hits you with a +2 whip of flaming.
* * * LOW HITPOINT WARNING * * *
Pikel burns you.
* * * LOW HITPOINT WARNING * * *
Pikel closely misses you. You furiously retaliate!
You headbutt Pikel, but do no damage. 😨 HP[-6]
You take 6 damage, and now have 25/58 hp.
You completely miss Pikel. Pikel barely misses you.
You closely miss Pikel.
Pikel hits you with a +2 whip of flaming!
* * * LOW HITPOINT WARNING * * *
Pikel burns you.
* * * LOW HITPOINT WARNING * * *
😱 HP[-12]
You take 12 damage, and now have 13/58 hp.
MASSIVE DAMAGE!! (PAUSE)
You closely miss Pikel.
Pikel hits you with a +2 whip of flaming.
* * * LOW HITPOINT WARNING * * *
Pikel burns you.
* * * LOW HITPOINT WARNING * * *
😱 HP[-2]
You take 2 damage, and now have 11/58 hp.
You barely miss Pikel.
Pikel hits you with a +2 whip of flaming.
* * * LOW HITPOINT WARNING * * *
Pikel burns you.
* * * LOW HITPOINT WARNING * * *
Pikel hits you with a +2 whip of flaming.
You die...

Skill      XL: |  1  2  3  4  5  6 |
---------------+-------------------+-----
Fighting       | 4 5 6 |  6.6
Axes           | 3 4 5 |  5.9
Armour         | 4 5 |  5.2
Shields        | |  3.6

Action                   |  1- 3 |  4- 6 || total
-------------------------+-------+-------++-------
Melee: War axe           |    73 |   153 ||   226
       Headbutt          |     6 |    11 ||    17
Armor: Scale mail        |    32 |    79 ||   111
Dodge: Dodged            |    29 |    72 ||   101
Block: Buckler           |     9 |    38 ||    47

Levels and vault maps discovered:
D:1:      lightli_arrival_farm, layout_basic, minmay_rat_gold_closets
D:2:      layout_loops_corners, serial_shops, shop, serial_bayou,
          serial_bayou_crossing, serial_bayou_shore_b, serial_bayou_shore_a,
          serial_bayou_pond_e, hex_large, kennysheep_another_room, uniq_robin
D:3:      layout_loops_ring, shapermc_ecumenical_altar_hornbeckon
D:4:      layout_basic, nicolae_ashenzari_skybound
D:5:      layout_basic, gammafunk_ghost_necromancy, uniq_sigmund, uniq_pikel,
          uniq_eustachio

Notes
Turn   | Place    | Note
-------+----------+-------------------------------------------
     0 | D:1      | Sanktem7 the Minotaur Fighter began the quest for the Orb.
     0 | D:1      | Reached XP level 1. HP: 19/19 MP: 0/0
     0 | D:1      | magus.rc [v1.9.6]
     9 | D:1      | You pick up a book of Burglary and begin reading...
     9 | D:1      | You add the spells Passwall, Ensorcelled Hibernation and
                  | Swiftness to your library.
   256 | D:1      | Reached XP level 2. HP: 27/27 MP: 1/1
   274 | D:1      | Reached skill level 4 in Fighting
   341 | D:1      | Reached skill level 3 in Axes
   670 | D:1      | Reached skill level 4 in Armour
   676 | D:1      | Reached XP level 3. HP: 33/33 MP: 2/2
  1324 | D:2      | Identified the +0 sling of Uskayaw {venom, rPois Dex-2 SInv
                  | Stlth+}
  1367 | D:2      | Found Ryes's Magic Scroll Boutique.
  1376 | D:2      | magus.rc [v1.9.6]
  1447 | D:2      | Noticed Robin
  1451 | D:2      | Reached XP level 4. HP: 41/41 MP: 3/3
  1469 | D:2      | Reached skill level 4 in Axes
  1470 | D:2      | Killed Robin
  2114 | D:2      | Reached skill level 5 in Fighting
  2861 | D:3      | Found a faded altar of an unknown god.
  3099 | D:4      | Noticed a scorpion
  3104 | D:4      | Reached XP level 5. HP: 42/48 MP: 4/4
  3360 | D:4      | Noticed a phantom
  3379 | D:4      | Killed a phantom
  3380 | D:4      | Reached skill level 5 in Axes
  3380 | D:4      | Reached XP level 6. HP: 51/57 MP: 5/5
  3434 | D:4      | Reached skill level 6 in Fighting
  3434 | D:4      | Reached skill level 5 in Armour
  3709 | D:4      | Found a broken altar of Ashenzari.
  3980 | D:5      | Entered Level 5 of the Dungeon
  4011 | D:5      | Found a runed translucent gate.
  4012 | D:5      | Found a runed translucent gate.
  4013 | D:5      | Found a runed translucent gate.
  4015 | D:5      | Noticed leafyfresh's ghost (weakling OpDe)
  4169 | D:5      | Noticed Pikel
  4186 | D:5      | HP: 13/58 [Pikel/+2 whip of flaming (4)]
  4188 | D:5      | HP: 5/58 [Pikel/+2 whip of flaming (6)]
  4188 | D:5      | Slain by Pikel

Vanquished Creatures
  A phantom (D:4)
  2 scorpions (D:4)
  An iguana (D:4)
  An orc wizard (D:5)
  Robin (D:2)
  6 gnolls
  7 adders
  2 worms
  A dart slug (D:1)
  5 orcs
  13 ball pythons
  9 endoplasms
  3 giant cockroaches
  11 goblins
  6 hobgoblins
  7 jackals
  3 kobolds
  A quokka (D:3)
  6 bats
  3 frilled lizards
  9 rats (D:1)
98 creatures vanquished.

Vanquished Creatures (others)
  3 plants (D:2)
3 creatures vanquished.

Grand Total: 101 creatures vanquished

Table legend:
 A = Non-vault XP
 B = Vault XP
 C = Vault XP percentage of total XP
 D = Non-vault monster count
 E = Vault monster count
 F = Vault count percentage of total count
                 A         B        C        D         E       F
            +---------+---------+-------+---------+---------+-------
      Total |     639 |      44 |   6.4 |      79 |      19 |  19.4
            +---------+---------+-------+---------+---------+-------
        D:1 |      37 |       7 |  15.9 |      20 |       7 |  25.9
        D:2 |      67 |      37 |  35.6 |      14 |      12 |  46.2
        D:3 |      43 |       0 |   0.0 |      15 |       0 |   0.0
        D:4 |     405 |       0 |   0.0 |      23 |       0 |   0.0
        D:5 |      87 |       0 |   0.0 |       7 |       0 |   0.0
            +---------+---------+-------+---------+---------+-------

Illustrated notes

Table legend:
 A = Kills in this place as a percentage of kills in entire the game.
 B = Kills by you in this place as a percentage of kills by you in the entire game.
 C = Kills by friends in this place as a percentage of kills by friends in the entire game.
 D = Other kills in this place as a percentage of other kills in the entire game.
 E = Experience gained in this place as a percentage of experience gained in the entire game.
 F = Experience gained in this place divided by the number of levels of this place that you have seen.
                   A       B       C       D       E      F
               +-------+-------+-------+-------+-------+----------------------
         Total | 100.0 | 100.0 |   N/A |   N/A | 100.0 | 136.6
       Dungeon | 100.0 | 100.0 |   N/A |   N/A | 100.0 | 136.6
               +-------+-------+-------+-------+-------+----------------------

Table legend: (Time is in decaauts)
 A = Elapsed time spent in this place.
 B = Non-inter-level travel time spent in this place.
 C = Inter-level travel time spent in this place.
 D = Time resting spent in this place.
 E = Time spent auto-exploring this place.
 F = Levels seen in this place.
 G = Mean time per level.
                   A        B        C        D        E       F      G
               +--------+--------+--------+--------+--------+-----+--------+
         Total |   4331 |   4056 |    275 |      0 |   3480 |   5 |  866.2 |
       Dungeon |   4331 |   4056 |    275 |      0 |   3480 |   5 |  866.2 |
               +--------+--------+--------+--------+--------+-----+--------+

Top non-repeatable levels by time:
     D:2: 1207 daAuts
     D:1: 1072 daAuts
     D:4: 928 daAuts
     D:3: 908 daAuts
     D:5: 214 daAuts
